AoeStats
← MatCool

Migration

509344197Analyzed
1v1 RM · 5d ago on Sep 26, 2026· 30m 34s· 2 players
Game mode
Random Map
Map size
132×132
Population
200
Speed
Normal
Resources
Standard
Victory
Conquest
Starting age
Dark Age
Ending age
Imperial Age
RankedLock teamsTeams togetherTeam positionsShared explorationLock speedFull tech treeHidden civsTurbo modeCheats
Victory
Defeat
🇦🇷 Dravidians · Argentina
823
+15
🇵🇾 Poles · Paraguay
797
-15
MatCool
10:09 Loom
12:38 Feudal Age
10:55 Loom
19:53 Castle Age
19:35 Stone Mining
20:21 Double-Bit Axe
21:32 Stone Shaft Mining
26:17 Forging
26:28 Bloodlines
28:47 Demolition Ship
29:22 Horse Collar
29:56 Bow Saw
30:23 Iron Casting
Nikolao
7:55 Loom
11:06 Feudal Age
11:37 Double-Bit Axe
12:57 Wheelbarrow
15:17 Horse Collar
17:21 Fishing Lines
23:08 Castle Age
21:15 Gold Mining
23:29 Stone Mining
24:15 Bow Saw
23:43 Pikeman
24:24 Squires
24:10 Arson
24:10 Gambesons
24:45 Gillnets
25:47 Husbandry
27:28 Hand Cart
27:26 Heavy Plow
28:42 Forging
28:33 Scale Mail Armor
28:23 Fletching
28:34 Padded Archer Armor
30:11 Thumb Ring
Connection lost

Rejoining the realm…

Still unreachable

The connection could not be restored.

Session expired

The server has moved on; the page needs a fresh start.